 Dungeon Sprint DCSS version 0.22.1-1-ga44c0e56f4 (webtiles) character file.

184 MuseOD the Covert (level 5, -6/30 HPs)
             Began as a Spriggan Enchanter on Sept 23, 2018.
             Was an Initiate of Dithmenos.
             Mangled by a queen bee (10 damage)
             ... in the Dungeon (Sprint IV: "Fedhas' Mad Dash").
             The game lasted 00:01:35 (258 turns).

MuseOD the Covert (Spriggan Enchanter)               Turns: 258, Time: 00:01:36

Health: -6/30      AC:  2    Str:  4    XL:     5   Next: 36%
Magic:  4/10       EV: 18    Int: 18    God:    Dithmenos [......]
Gold:   75         SH:  0    Dex: 16    Spells: 3/9 levels left

rFire    . . .     SeeInvis +   a - +1 dagger
rCold    . . .     Gourm    .   (shield restricted)
rNeg     . . .     Faith    .   b - +0 robe
rPois    .         Spirit   .   (helmet restricted)
rElec    .         Reflect  .   (no cloak)
rCorr    .         Harm     .   (gloves unavailable)
MR       .....     NoTele   +   (boots unavailable)
Stlth    ++++......             c - amulet of invisibility {+Inv}
HPRegen  0.10/turn              (no ring)
MPRegen  0.12/turn              (no ring)

@: lethally poisoned (-6 -> -17), very quick
A: very small, unfitting armour, see invisible, herbivore, speed 3, slow
metabolism 2
a: Renounce Religion, Evoke Invisibility


You were in the Dungeon.
You worshipped Dithmenos.
Dithmenos was noncommittal.
You were not hungry.

You visited 1 branch You collected 75 gold pieces.

Inventory:

Hand Weapons
 a - a +1 dagger (weapon)
Armour
 b - a +0 robe (worn)
Jewellery
 c - the amulet of invisibility (around neck) {+Inv}
   (You found it in the Dungeon)

   [amulet of nothing]

   It lets you turn invisible.
Scrolls
 j - a scroll of blinking
Potions
 g - a potion of haste
 h - a potion of magic
 i - a potion of berserk rage
Comestibles
 d - 2 rations


   Skills:
 + Level 4.4 Fighting
 * Level 8.6 Short Blades
 - Level 3.0 Dodging
 + Level 9.6 Stealth
 - Level 2.6 Spellcasting
 - Level 3.6 Hexes


You had 3 spell levels left.
You knew the following spells:

 Your Spells              Type           Power        Failure   Level  Hunger
a - Corona                Hex            ###....      3%          1    #......
b - Ensorcelled Hibernat  Hex/Ice        #.....       12%         2    ##.....
c - Confuse               Hex            ###.....     12%         3    ###....

Your spell library contained the following spells:

 Spells                   Type           Power        Failure   Level  Hunger
 Tukima's Dance           Hex            ###.....     12%         3    ###....
 Dazzling Spray           Conj/Hex       #.....       24%         3    ###....


Dungeon Overview and Level Annotations

Branches:
Dungeon (1/1)

Altars:
Cheibriados
Dithmenos
Elyvilon
Gozag
Hepliaklqana
Kikubaaqudgha
Makhleb
Nemelex Xobeh
Okawaru
Qazlal
Ru
Sif Muna
Trog
Uskayaw
Vehumet
Wu Jian
Xom
Yredelemnul
Zin
The Shining One
Beogh
Jiyva
Lugonu

Annotations:
D exclusion: oklob sapling


Innate Abilities, Weirdness & Mutations

You are very small and have problems with some larger weapons.
You are too small for most types of armour.
You have supernaturally acute eyesight. (SInv)
You are a herbivore.
You cover ground extremely quickly.
You need to consume almost no food.


Message History

The queen bee appears confused.
The killer bee barely misses you.
The queen bee misses the killer bee.
The killer bee barely misses you.
Casting: Confuse (safe; 12% risk of failure)
Confirm with . or Enter, or press ? or * to list all spells.
Aiming: Confuse (safe; 12% risk of failure)
Press: ? - help, Shift-Dir - straight line, p - killer bee The killer bee resists with significant effort.
The killer bee stings you.
You are poisoned.
The killer bee poisons you! The killer bee stings you.
* * * LOW HITPOINT WARNING * * *
You are lethally poisoned!
The killer bee poisons you!
* * * LOW HITPOINT WARNING * * *
You feel sick. The killer bee completely misses you.
There is an open door here.
You barely miss the queen bee.
* * * LOW HITPOINT WARNING * * *
You feel sick. The queen bee stings you!
You die...

#################################
<..P#....†#.....#.⌠._._._._.⌠.#.:
PP..'.....'.#.)y@.._._._._._..+.P
PPPP#.....#.#...#y.._._._._...#..
##############'##.._._._._._..#.(
...♣..y.....y...#._._._._._.⌠.###
%....y♣.....#...###############
.....♣..♣..###### #+####+#####


You could see a queen bee (confused) and 2 killer bees.

Vanquished Creatures
  A killer bee (D)
  3 oklob saplings (D)
  A worker ant (D)
  A river rat (D)
  A rat (D)
7 creatures vanquished.

Notes
Turn   | Place    | Note
-------+----------+-------------------------------------------
     0 | D        | MuseOD the Spriggan Enchanter began the quest for the Orb.
     0 | D        | Reached XP level 1. HP: 9/9 MP: 5/5
     8 | D        | Reached skill level 1 in Fighting
     8 | D        | Reached skill level 5 in Stealth
     8 | D        | Reached XP level 2. HP: 14/14 MP: 6/6
    14 | D        | Learned a level 2 spell: Ensorcelled Hibernation
    20 | D        | Noticed an oklob sapling
    22 | D        | Killed an oklob sapling
    22 | D        | Reached skill level 6 in Stealth
    22 | D        | Reached XP level 3. HP: 19/19 MP: 8/8
    25 | D        | Found the amulet of invisibility {+Inv}
    26 | D        | Reached skill level 5 in Short Blades
    26 | D        | Reached skill level 7 in Stealth
    65 | D        | Noticed an oklob sapling
    68 | D        | Killed an oklob sapling
    68 | D        | Reached XP level 4. HP: 24/24 MP: 6/9
    78 | D        | Found an opulent altar of Gozag.
    78 | D        | Found a hazy altar of Hepliaklqana.
    78 | D        | Found a burning altar of Makhleb.
    78 | D        | Found a roughly hewn altar of Beogh.
    78 | D        | Found a sparkling altar of Nemelex Xobeh.
    78 | D        | Found a snail-covered altar of Cheibriados.
    78 | D        | Found a sacrificial altar of Ru.
    78 | D        | Found a deep blue altar of Sif Muna.
    78 | D        | Found a shimmering altar of Xom.
    78 | D        | Found a basalt altar of Yredelemnul.
    79 | D        | Found a viscous altar of Jiyva.
    79 | D        | Found a bloodstained altar of Trog.
    79 | D        | Found an ornate altar of the Wu Jian Council.
    80 | D        | Found an iron altar of Okawaru.
    80 | D        | Found a shadowy altar of Dithmenos.
    80 | D        | Found a glowing silver altar of Zin.
    81 | D        | Found a hide-covered altar of Uskayaw.
    81 | D        | Found an ancient bone altar of Kikubaaqudgha.
    82 | D        | Found a stormy altar of Qazlal.
    82 | D        | Found a glowing golden altar of the Shining One.
    82 | D        | Found a white marble altar of Elyvilon.
    83 | D        | Found a corrupted altar of Lugonu.
    83 | D        | Found a radiant altar of Vehumet.
    86 | D        | Reached skill level 9 in Stealth
    86 | D        | Reached XP level 5. HP: 29/29 MP: 7/10
    89 | D        | Became a worshipper of Dithmenos the Shadowed
   202 | D        | Learned a level 3 spell: Confuse
   224 | D        | Noticed a queen bee
   258 | D        | Mangled by a queen bee

Skill      XL: |  1  2  3  4  5 |
---------------+----------------+-----
Fighting       | 1 2 3 4 |  4.4
Short Blades   | 3 4 6 7 8 |  8.6
Stealth        | 5 6 7 9 |  9.6
Dodging        | |  3.0
Spellcasting   | |  2.6
Hexes          | |  3.6

Action                   |  1- 3 |  4- 6 || total
-------------------------+-------+-------++-------
Melee: Dagger            |     5 |     9 ||    14
 Cast: Ensorcelled Hiber |     1 |       ||     1
       Confuse           |       |     5 ||     5
 Abil: Evoke Invisibilit |     1 |       ||     1
  Use: Potion            |       |     3 ||     3
 Stab: Sleeping          |     5 |     1 ||     6
       Confused          |       |     1 ||     1
Dodge: Dodged            |       |    26 ||    26
